[Event "ICC tourney 1922 (15 5)"]
[Site "Internet Chess Club"]
[Date "2020.07.17"]
[Round "1"]
[White "viratfan"]
[Black "amaganti"]
[Result "1-0"]
[ICCResult "Black resigns"]
[WhiteElo "1450"]
[BlackElo "1175"]
[Opening "King's knight opening"]
[ECO "C40"]
[NIC "KP.10"]
[Time "12:08:59"]
[TimeControl "900+5"]

1. e4 e5 2. Nf3 Bc5 3. Nxe5 Nf6 4. Nc3 Ng4 5. Nxg4 O-O 6. Bc4 Qe7 7. d3 Qg5
8. Bxg5 d6 9. O-O Nc6 10. Be3 Bb4 11. a3 Ba5 12. d4 Ne7 13. b4 Bb6 14. a4
{Black resigns}
1-0

[Event "ICC tourney 1922 (15 5)"]
[Site "Internet Chess Club"]
[Date "2020.07.17"]
[Round "1"]
[White "Pranayasree"]
[Black "hmnyc"]
[Result "0-1"]
[ICCResult "White checkmated"]
[WhiteElo "1317"]
[BlackElo "1483"]
[Opening "Caro-Kann: Hillbilly attack"]
[ECO "B10"]
[NIC "CK.01"]
[Time "12:09:10"]
[TimeControl "900+5"]

1. e4 c6 2. Bc4 d5 3. exd5 cxd5 4. Bb3 e5 5. Nf3 Nc6 6. d4 e4 7. Ng5 h6 8.
Nh3 Bxh3 9. gxh3 Nf6 10. Nc3 Bb4 11. a3 Bxc3+ 12. bxc3 O-O 13. Bd2 Na5 14.
Rg1 Nxb3 15. cxb3 g6 16. Bxh6 Re8 17. Bg5 Qd6 18. Bxf6 Qxf6 19. Qg4 e3 20.
f3 e2 21. Rg2 Qe6 22. f4 Qxg4 23. Rxg4 f5 24. Rxg6+ Kf7 25. Rg5 Kf6 26. Kd2
e1=Q+ 27. Rxe1 Rxe1 28. Kxe1 Re8+ 29. Kd1 Re4 30. Rg8 Rxf4 31. Rf8+ Kg5 32.
Rf7 Rh4 33. Rxb7 Rxh3 34. Rxa7 Rxh2 35. a4 f4 36. Rf7 Kg4 37. Ke1 f3 38. Kf1
Rh1+ 39. Kf2 Rh2+ 40. Kf1 Kg3 41. a5 Rh1# {White checkmated} 0-1

[Event "ICC tourney 1922 (15 5)"]
[Site "Internet Chess Club"]
[Date "2020.07.17"]
[Round "1"]
[White "lahn"]
[Black "Hansini"]
[Result "0-1"]
[ICCResult "White checkmated"]
[WhiteElo "1281"]
[BlackElo "1379"]
[Opening "Van't Kruijs opening"]
[ECO "A00"]
[Time "12:08:36"]
[TimeControl "900+5"]

1. e3 e5 2. e4 Nf6 3. Nc3 Nc6 4. Nf3 Bc5 5. g3 d6 6. d3 O-O 7. a3 Be6 8. b4
Bd4 9. Nxd4 exd4 10. Ne2 d5 11. Bb2 Bg4 12. f4 Qe7 13. h3 Bh5 14. g4 Nxg4
15. hxg4 Bxg4 16. exd5 Nxb4 17. axb4 Rae8 18. Bxd4 c6 19. Bh3 Bf3 20. Rf1
Bxe2 21. Qxe2 Qxe2# {White checkmated} 0-1

[Event "ICC tourney 1922 (15 5)"]
[Site "Internet Chess Club"]
[Date "2020.07.17"]
[Round "1"]
[White "GabrielSkevin"]
[Black "DonnieKnight01"]
[Result "0-1"]
[ICCResult "White checkmated"]
[WhiteElo "1317"]
[BlackElo "1483"]
[Opening "Hungarian defense"]
[ECO "C50"]
[NIC "IG.03"]
[Time "12:08:21"]
[TimeControl "900+5"]

1. e4 e5 2. Nf3 Nc6 3. Bc4 Be7 4. c3 Nf6 5. d4 exd4 6. cxd4 Nxe4 7. O-O O-O
8. Nbd2 Nxd2 9. Bxd2 Bh4 10. Nxh4 Qxh4 11. Qb3 Nxd4 12. Qb4 Nc2 13. Qb3 Nxa1
14. Rxa1 Qg4 15. h3 Qg6 16. Re1 d6 17. Bb4 Bxh3 18. Qxh3 h5 19. g3 a5 20.
Bc3 Rab8 21. Bxa5 c5 22. Bc7 Rbe8 23. Bb5 Rxe1+ 24. Bf1 Ra1 25. a3 Ra2 26.
Bxd6 Qxd6 27. b4 cxb4 28. axb4 Qxb4 29. Bd3 Qe1+ 30. Bf1 Qxf2+ 31. Kh1 Ra1
32. Qg2 Rxf1+ 33. Kh2 Qf5 34. Qxb7 Rf2+ 35. Kg1 Re8 36. Qh1 Re1#
{White checkmated}
0-1

[Event "ICC tourney 1922 (15 5)"]
[Site "Internet Chess Club"]
[Date "2020.07.17"]
[Round "1"]
[White "bmnyc"]
[Black "Anichess2009"]
[Result "0-1"]
[ICCResult "White checkmated"]
[WhiteElo "1276"]
[BlackElo "1341"]
[Opening "Pirc: classical (two knights) system"]
[ECO "B08"]
[NIC "PU.10"]
[Time "12:10:32"]
[TimeControl "900+5"]

1. e4 d6 2. d4 Nf6 3. Nc3 g6 4. Nf3 Bg7 5. Be3 Bg4 6. Bd3 Nc6 7. d5 Ne5 8.
h3 Nxd3+ 9. cxd3 Bd7 10. Qd2 e5 11. O-O-O Qe7 12. Rhe1 b6 13. Kb1 O-O-O 14.
Ng5 h6 15. Nf3 Kb8 16. Rc1 c5 17. b3 Rc8 18. Na4 Bxa4 19. bxa4 Qd7 20. Rc4
Rc7 21. h4 Rb7 22. Rec1 b5 23. axb5 Qxb5+ 24. Ka1 Kc7 25. Qc2 Rhb8 26. Nd2
Qb2+ 27. Qxb2 Rxb2 28. Rb1 Rxb1+ 29. Nxb1 Ng4 30. Rc2 Nxe3 31. fxe3 f5 32.
exf5 e4+ 33. Rb2 Bxb2# {White checkmated} 0-1

[Event "ICC tourney 1922 (15 5)"]
[Site "Internet Chess Club"]
[Date "2020.07.17"]
[Round "1"]
[White "mahn"]
[Black "chesspanda0610"]
[Result "0-1"]
[ICCResult "White checkmated"]
[WhiteElo "1317"]
[BlackElo "1483"]
[Opening "Trompowsky attack (Ruth, Opocenský opening)"]
[ECO "A45"]
[NIC "QP.07"]
[Time "12:08:49"]
[TimeControl "900+5"]

1. d4 Nf6 2. Bg5 e6 3. Bxf6 Qxf6 4. h4 d5 5. Nh3 Bd6 6. e4 dxe4 7. f3 exf3
8. gxf3 Qxh4+ 9. Ke2 Qf6 10. Kd2 Qxd4+ 11. Kc1 Qf6 12. Bb5+ Bd7 13. Bxd7+
Nxd7 14. Nf2 Bf4+ 15. Qd2 Bxd2+ 16. Kxd2 Qxf3 17. Nd3 Qxh1 18. Ne1 Rd8 19.
Nc3 Nc5+ 20. Ke2 Qh2+ 21. Kf1 Rd2 22. Nf3 Qf2# {White checkmated} 0-1

[Event "ICC tourney 1922 (15 5)"]
[Site "Internet Chess Club"]
[Date "2020.07.17"]
[Round "1"]
[White "maadhavd"]
[Black "AlectroGamerAD"]
[Result "1-0"]
[ICCResult "Black resigns"]
[WhiteElo "1511"]
[BlackElo "1375"]
[Opening "King's pawn game"]
[ECO "C50"]
[NIC "IG.03"]
[Time "12:08:51"]
[TimeControl "900+5"]

1. e4 e5 2. Nf3 Nc6 3. Bc4 Nh6 4. d3 d6 5. Bxh6 gxh6 6. Nc3 Be6 7. Bxe6 fxe6
8. Nd2 Qg5 9. g3 O-O-O 10. Qf3 b6 11. Nb3 Be7 12. h4 Qf6 13. Qxf6 Bxf6 14.
O-O-O Nd4 15. Nxd4 exd4 16. Ne2 e5 17. c3 dxc3 18. Nxc3 c6 19. Rhf1 d5 20.
exd5 cxd5 21. f4 d4 22. Ne2 exf4 23. Rxf4 Rhf8 24. Kb1 a5 25. Rdf1 Rd6 26.
Rf5 Re6 27. Nxd4 Re5 28. Rxe5 Bxe5 29. Rxf8+ Kd7 30. Nf5 Bd6 31. Nxh6 Bxf8
32. Nf5 a4 33. Kc2 b5 34. a3 Kc6 35. Kc3 Kc5 36. d4+ Kd5 37. g4 Ke4 38. Kd2
b4 39. axb4 Bxb4+ 40. Ke2 Bc3 41. Nd6+ Kxd4 42. Nb5+ Kc4 43. Nxc3 Kb3 44.
Nd1 Kc4 45. h5 Kd5 46. g5 Ke5 47. Nc3 Ke6 48. Nxa4 Kf7 49. Nc5 Kg7 50. b4 h6
51. g6 Kf6 52. b5 Ke7 53. b6 Kd8 54. g7 {Black resigns} 1-0

[Event "ICC tourney 1922 (15 5)"]
[Site "Internet Chess Club"]
[Date "2020.07.17"]
[Round "1"]
[White "Shaanp13"]
[Black "TanishaS"]
[Result "0-1"]
[ICCResult "White checkmated"]
[WhiteElo "1141"]
[BlackElo "1018"]
[Opening "Four knights: double Ruy Lopez"]
[ECO "C49"]
[NIC "KP.03"]
[Time "12:09:38"]
[TimeControl "900+5"]

1. e4 e5 2. Nf3 Nc6 3. Bb5 Nf6 4. Nc3 Bb4 5. O-O O-O 6. d3 d5 7. exd5 Nxd5
8. Bd2 Bg4 9. h3 Bh5 10. g4 Bg6 11. Qc1 a6 12. Bg5 Qd7 13. a3 Bc5 14. b4 Bb6
15. Nxd5 Qxd5 16. c4 Qxf3 17. Be3 Nd4 18. Qe1 Bxd3 19. Bxa6 Ne2+ 20. Kh2
Rxa6 21. Bxb6 Rxb6 22. Rb1 Nf4 23. Qxe5 Qg2# {White checkmated} 0-1

[Event "ICC tourney 1922 (15 5)"]
[Site "Internet Chess Club"]
[Date "2020.07.17"]
[Round "1"]
[White "sahanakasturi"]
[Black "Armaan10"]
[Result "1-0"]
[ICCResult "Black resigns"]
[WhiteElo "1483"]
[BlackElo "1289"]
[Opening "Giuoco Piano"]
[ECO "C50"]
[NIC "IG.02"]
[Time "12:08:27"]
[TimeControl "900+5"]

1. e4 e5 2. Nf3 Nc6 3. Bc4 Bc5 4. O-O Nf6 5. Nc3 O-O 6. d3 d6 7. h3 h6 8.
Bd2 Nh5 9. Na4 Na5 10. Nxc5 Nxc4 11. dxc4 dxc5 12. b4 b6 13. bxc5 bxc5 14.
Nxe5 Qf6 15. Qxh5 Ba6 16. Nd7 Qg6 17. Qh4 Rfe8 18. Nxc5 Bxc4 19. Rfe1 Re5
20. Nd7 Qh5 21. Qf4 Rg5 22. e5 Rg6 23. Qxc4 Re8 24. Qxc7 a6 25. Qa7 Qf3 26.
g3 Qa8 27. Qc5 Rg5 28. Bxg5 hxg5 29. e6 fxe6 30. Qxg5 a5 31. Nf6+ Kf7 32.
Nxe8 Kxe8 33. Qxg7 e5 34. Qg8+ Ke7 35. Qxa8 {Black resigns} 1-0

[Event "ICC tourney 1922 (15 5)"]
[Site "Internet Chess Club"]
[Date "2020.07.17"]
[Round "1"]
[White "Nedas15"]
[Black "Aurex"]
[Result "0-1"]
[ICCResult "White checkmated"]
[WhiteElo "1121"]
[BlackElo "1035"]
[Opening "Four knights: Spanish variation"]
[ECO "C48"]
[NIC "KP.03"]
[Time "12:08:18"]
[TimeControl "900+5"]

1. e4 e5 2. Nf3 Nc6 3. Nc3 Nf6 4. Bb5 d6 5. d3 Bd7 6. Bc4 Be7 7. O-O O-O 8.
Ng5 Ng4 9. Bxf7+ Rxf7 10. Nxf7 Kxf7 11. Qf3+ Bf6 12. Nd5 Nd4 13. Qh3 Ne2+
14. Kh1 Nxf2+ 15. Rxf2 Bxh3 16. Nxf6 Nxc1 17. Nxh7+ Kg8 18. Rf8+ Qxf8 19.
Nxf8 Kxf8 20. Rxc1 Be6 21. Rf1+ Ke7 22. c3 Rf8 23. Re1 Bxa2 24. d4 exd4 25.
cxd4 Bc4 26. Kg1 Bd3 27. d5 Bc4 28. b4 Rf1+ 29. Rxf1 Bxf1 30. Kxf1 c5 31.
dxc6 bxc6 32. Ke2 Ke6 33. Kd3 Ke5 34. Kc4 Kxe4 35. b5 cxb5+ 36. Kxb5 d5 37.
Kc5 d4 38. Kc4 a5 39. h4 a4 40. Kb4 d3 41. Kc3 a3 42. Kb3 Ke3 43. h5 d2 44.
Kc2 a2 45. h6 gxh6 46. Kb2 d1=Q 47. Kxa2 Qg4 48. Kb1 Qxg2 49. Kc1 h5 50. Kd1
h4 51. Ke1 h3 52. Kd1 h2 53. Kc1 h1=Q# {White checkmated} 0-1

[Event "ICC tourney 1922 (15 5)"]
[Site "Internet Chess Club"]
[Date "2020.07.17"]
[Round "1"]
[White "WCCMTW"]
[Black "JSpitzer"]
[Result "0-1"]
[ICCResult "White checkmated"]
[WhiteElo "1317"]
[BlackElo "1483"]
[Opening "Giuoco Pianissimo"]
[ECO "C50"]
[NIC "IG.02"]
[Time "12:08:20"]
[TimeControl "900+5"]

1. e4 e5 2. Nf3 Nc6 3. Bc4 Bc5 4. d3 d6 5. Nc3 Bg4 6. O-O Nf6 7. h3 Bh5 8.
Bg5 h6 9. Bd2 O-O 10. Nd5 Nxd5 11. Bxd5 Qf6 12. c3 Qg6 13. b4 Bxf3 14. Qxf3
Bb6 15. a4 a6 16. a5 Ba7 17. Rab1 Nd8 18. c4 c6 19. Be3 Bxe3 20. Qxe3 cxd5
21. exd5 b5 22. c5 dxc5 23. bxc5 Nb7 24. Qd2 Nxc5 25. d6 Qxd6 26. Rfd1 Rad8
27. f3 Nxd3 28. Rb3 Qc5+ 29. Kh2 Nf4 30. Qe1 Rxd1 31. Qxd1 Qf2 32. Qg1 Qh4
33. Kh1 Ne2 34. Qh2 Qe1+ 35. Qg1 Qxg1# {White checkmated} 0-1

[Event "ICC tourney 1922 (15 5)"]
[Site "Internet Chess Club"]
[Date "2020.07.17"]
[Round "1"]
[White "LoukyaNarne"]
[Black "risingstar3"]
[Result "1-0"]
[ICCResult "Black checkmated"]
[WhiteElo "1380"]
[BlackElo "1274"]
[Opening "Sicilian: closed"]
[ECO "B23"]
[NIC "SI.44"]
[Time "12:08:25"]
[TimeControl "900+5"]

1. e4 c5 2. Nc3 d6 3. Nf3 Nc6 4. Bc4 Nf6 5. d3 g6 6. Qe2 Bg7 7. Be3 Bd7 8.
Qd2 Bg4 9. Qe2 Nb4 10. Rc1 e6 11. a3 Nc6 12. h3 Bxf3 13. Qxf3 O-O 14. O-O h6
15. Qd1 d5 16. Ba2 dxe4 17. dxe4 Qxd1 18. Rcxd1 Ne5 19. Bxc5 Rfd8 20. Bd4
Nc6 21. Bxf6 Rxd1 22. Rxd1 Bxf6 23. f4 Rf8 24. e5 Be7 25. Ne4 g5 26. fxg5
hxg5 27. Nf6+ Bxf6 28. exf6 Kh7 29. g3 Kg6 30. h4 gxh4 31. gxh4 Kxf6 32. Kh2
Ke7 33. Kh3 Ne5 34. Bb3 Nf3 35. Ba4 Ne5 36. Kg3 Rg8+ 37. Kf4 f6 38. Rh1 Rg4+
39. Ke3 Rxa4 40. h5 Rc4 41. h6 Rxc2 42. h7 Nc4+ 43. Kd3 Rd2+ 44. Kxc4 Rc2+
45. Kb3 Rc8 46. h8=Q Rxh8 47. Rxh8 f5 48. Rh7+ Kf6 49. Rxb7 a6 50. Kc2 f4
51. Kd1 f3 52. Ke1 e5 53. Kf2 e4 54. Rb6+ Kf5 55. Rxa6 Ke5 56. Ra5+ Kd4 57.
Ra4+ Kd3 58. Rb4 Kc2 59. Ke3 Kd1 60. Rxe4 Kc1 61. a4 Kxb2 62. a5 Kc2 63. a6
Kd1 64. Kxf3 Kd2 65. a7 Kd3 66. a8=Q Kd2 67. Qd8+ Kc1 68. Rc4+ Kb1 69. Qb6+
Ka1 70. Ra4# {Black checkmated} 1-0

[Event "ICC tourney 1922 (15 5)"]
[Site "Internet Chess Club"]
[Date "2020.07.17"]
[Round "1"]
[White "DuckyBirdLover"]
[Black "TanyaS"]
[Result "1-0"]
[ICCResult "Black checkmated"]
[WhiteElo "1455"]
[BlackElo "1164"]
[Opening "French defense"]
[ECO "C01"]
[NIC "FR.01"]
[Time "12:09:13"]
[TimeControl "900+5"]

1. e4 e6 2. d4 Nc6 3. e5 Bb4+ 4. Bd2 Nge7 5. Bxb4 O-O 6. Bxe7 Nxe7 7. Nc3
Nf5 8. Nf3 Qe7 9. Bd3 d6 10. Bxf5 exf5 11. O-O Be6 12. exd6 Qxd6 13. Nb5 Qe7
14. h3 Qb4 15. Nxc7 Rac8 16. Nxe6 fxe6 17. Rb1 Rfd8 18. c3 Qe7 19. g4 fxg4
20. hxg4 Qf6 21. Qd3 Qf4 22. Kg2 Qxg4+ 23. Kh2 Rd5 24. Ne5 Qf4+ 25. Kg2 Rf8
26. f3 Rf6 27. Rh1 Qg5+ 28. Kf2 h6 29. c4 Rd8 30. Rhg1 Qf4 31. Rg4 Qh2+ 32.
Ke3 Re8 33. Rbg1 Kf8 34. Nd7+ Ke7 35. Nxf6 Kxf6 36. Rf4+ Ke7 37. Rxg7+ Kd6
38. Qa3+ Kc6 39. Qa4+ Kb6 40. Qxe8 Qh3 41. Qd8+ Ka6 42. Qd6+ Ka5 43. Qa3+
Kb6 44. c5+ Kb5 45. Rxb7+ Kc6 46. Qa6+ Kd5 47. Qd6+ Kc4 48. b3+ Kc3 49. Rxa7
Qg2 50. Rg4 Qd2+ 51. Ke4 Qd3+ 52. Kf4 Qd2+ 53. Kg3 Qe1+ 54. Kh3 Qf1+ 55. Kh4
Qf2+ 56. Kh5 Qxf3 57. Qg3 Kb2 58. Qxf3 e5 59. Rg2+ Kb1 60. Qf1#
{Black checkmated}
1-0

[Event "ICC tourney 1922 (15 5)"]
[Site "Internet Chess Club"]
[Date "2020.07.17"]
[Round "1"]
[White "mlmkacton"]
[Black "Chess-noob"]
[Result "0-1"]
[ICCResult "White checkmated"]
[WhiteElo "1317"]
[BlackElo "1483"]
[Opening "Giuoco Piano: four knights variation"]
[ECO "C47"]
[NIC "KP.06"]
[Time "12:08:42"]
[TimeControl "900+5"]

1. e4 e5 2. Nf3 Nc6 3. Nc3 Nf6 4. Bc4 Bc5 5. O-O d6 6. h3 h6 7. d3 Be6 8.
Bb3 O-O 9. Be3 Bb6 10. Qd2 Ba5 11. Qe2 Bxc3 12. bxc3 d5 13. Rfd1 dxe4 14.
Bxe6 fxe6 15. dxe4 Qe7 16. Bc1 Qf7 17. Ba3 Rfd8 18. Rxd8+ Rxd8 19. Rd1 Rxd1+
20. Qxd1 Nxe4 21. Bb2 Qh5 22. Qd7 Qf7 23. Qxf7+ Kxf7 24. c4 Nb4 25. Nxe5+
Ke7 26. Ng6+ Kd6 27. Ba3 c5 28. Bxb4 cxb4 29. Nf4 Nd2 30. c5+ Ke5 31. Nd3+
Kd5 32. Nxb4+ Ke5 33. Nd3+ Kd5 34. Nf4+ Ke5 35. Nd3+ Kd5 36. Kh2 Ne4 37.
Nf4+ Ke5 38. Ng6+ Kd5 39. Nf4+ Ke5 40. Nd3+ Kd5 41. f3 Nxc5 42. Nxc5 Kxc5
43. Kg3 b5 44. Kf4 Kd5 45. Ke3 Kc4 46. Kd2 a5 47. g4 g5 48. c3 b4 49. cxb4
axb4 50. Kc2 e5 51. Kb2 Kb5 52. a3 bxa3+ 53. Kxa3 Kc4 54. Kb2 Kd3 55. Kc1 e4
56. fxe4 Kxe4 57. Kd1 Kf3 58. Ke1 Kg3 59. Ke2 Kxh3 60. Ke3 Kxg4 61. Ke4 h5
62. Ke3 h4 63. Kf2 h3 64. Kg1 Kh4 65. Kh2 g4 66. Kh1 Kg3 67. Kg1 h2+ 68. Kh1
Kf2 69. Kxh2 g3+ 70. Kh1 g2+ 71. Kh2 g1=Q+ 72. Kh3 Qg3# {White checkmated}
0-1

[Event "ICC tourney 1922 (15 5)"]
[Site "Internet Chess Club"]
[Date "2020.07.17"]
[Round "2"]
[White "TanishaS"]
[Black "LoukyaNarne"]
[Result "0-1"]
[ICCResult "White checkmated"]
[WhiteElo "1016"]
[BlackElo "1383"]
[Opening "Ruy Lopez (Spanish opening)"]
[ECO "C60"]
[NIC "RL.01"]
[Time "13:28:42"]
[TimeControl "900+5"]

1. e4 e5 2. Nf3 Nc6 3. Bb5 Bd6 4. O-O a6 5. Ba4 b5 6. Bb3 Bc5 7. Nc3 d6 8.
d4 exd4 9. Nd5 Nf6 10. Bg5 h6 11. Bf4 Nxd5 12. exd5 Ne7 13. Nh4 g5 14. Ng6
Nxg6 15. Bg3 h5 16. Qe1+ Qe7 17. Qd2 h4 18. Be5 Nxe5 19. Rae1 g4 20. g3 hxg3
21. fxg3 Nf3+ 22. Rxf3 gxf3 23. Rxe7+ Kxe7 24. Qg5+ Ke8 25. Qg7 Rh5 26. Qg8+
Ke7 27. g4 Re5 28. g5 d3+ 29. Kf1 Bh3# {White checkmated} 0-1

[Event "ICC tourney 1922 (15 5)"]
[Site "Internet Chess Club"]
[Date "2020.07.17"]
[Round "2"]
[White "Anichess2009"]
[Black "Chess-noob"]
[Result "1-0"]
[ICCResult "Black checkmated"]
[WhiteElo "1404"]
[BlackElo "1389"]
[Opening "two knights defense: Fegatello attack"]
[ECO "C57"]
[NIC "KP.01"]
[Time "13:28:13"]
[TimeControl "900+5"]

1. e4 e5 2. Nf3 Nc6 3. Bc4 Nf6 4. Ng5 d5 5. exd5 Nxd5 6. Nxf7 Kxf7 7. Qf3+
Ke8 8. Bxd5 Qf6 9. Bxc6+ Bd7 10. Qxf6 gxf6 11. Bxd7+ Kxd7 12. Nc3 Rd8 13. d3
Kc8 14. Be3 Bb4 15. O-O-O Bxc3 16. bxc3 f5 17. Bg5 Rd6 18. d4 exd4 19. Rxd4
Ra6 20. Rhd1 Rd6 21. Rxd6 cxd6 22. Rxd6 Kb8 23. Bf4 Kc8 24. Be5 Rd8 25.
Rxd8+ Kxd8 26. f4 Ke7 27. h3 a6 28. Kd2 Ke6 29. Ke3 Kd5 30. g4 fxg4 31. hxg4
Ke6 32. Bd4 Kd5 33. f5 Kd6 34. f6 Ke6 35. Ke4 Kf7 36. Kf5 b5 37. Bc5 a5 38.
a3 a4 39. Be7 Ke8 40. Ke6 b4 41. f7# {Black checkmated} 1-0

[Event "ICC tourney 1922 (15 5)"]
[Site "Internet Chess Club"]
[Date "2020.07.17"]
[Round "2"]
[White "chesspanda0610"]
[Black "maadhavd"]
[Result "1-0"]
[ICCResult "Black resigns"]
[WhiteElo "1551"]
[BlackElo "1443"]
[Opening "two knights defense: Bogolyubov variation"]
[ECO "C58"]
[NIC "KP.01"]
[Time "13:29:41"]
[TimeControl "900+5"]

1. e4 e5 2. Nf3 Nc6 3. Bc4 Nf6 4. Ng5 d5 5. exd5 Na5 6. Bb5+ c6 7. dxc6 bxc6
8. Qf3 Bb7 9. Ba4 Bc5 10. Nc3 Rc8 11. O-O Nc4 12. d3 Nd6 13. Bb3 Rc7 14. Re1
Qe7 15. Bf4 Bd4 16. Bxe5 Bxe5 17. d4 c5 18. dxe5 Bxf3 19. exd6 Qxe1+ 20.
Rxe1+ Kd7 21. dxc7 Bc6 22. Nxf7 Rf8 23. Ne5+ Kxc7 24. Nxc6 Kxc6 25. h3 Re8
26. Ba4+ Kc7 27. Bxe8 Nxe8 28. Rxe8 Kd7 29. Rg8 g6 30. Rg7+ Kc6 31. Rxh7 a5
32. Rh6 Kc7 33. Rxg6 Kd7 34. h4 Ke7 35. h5 Kf7 36. Rg3 Kf8 37. h6
{Black resigns}
1-0

[Event "ICC tourney 1922 (15 5)"]
[Site "Internet Chess Club"]
[Date "2020.07.17"]
[Round "2"]
[White "DonnieKnight01"]
[Black "sahanakasturi"]
[Result "0-1"]
[ICCResult "White checkmated"]
[WhiteElo "1419"]
[BlackElo "1547"]
[Opening "Three knights game"]
[ECO "C46"]
[NIC "KP.06"]
[Time "13:28:09"]
[TimeControl "900+5"]

1. e4 e5 2. Nf3 Nc6 3. Nc3 Bc5 4. Nxe5 Qe7 5. Nxc6 bxc6 6. Bc4 Nf6 7. d3 h6
8. O-O O-O 9. Bxh6 gxh6 10. Qf3 d6 11. Qg3+ Kh8 12. Qh4 Rg8 13. Qxh6+ Nh7
14. Na4 Bd4 15. c3 Be5 16. Rfe1 Rg6 17. Qh5 Bg4 18. Qxg6 fxg6 19. h3 Bh5 20.
Re3 Bf4 21. Ree1 Qg5 22. g3 Be5 23. h4 Qg4 24. Rf1 Qh3 25. Rfe1 Bf3 26. Be6
Qg2# {White checkmated} 0-1

[Event "ICC tourney 1922 (15 5)"]
[Site "Internet Chess Club"]
[Date "2020.07.17"]
[Round "2"]
[White "chenxuan2012"]
[Black "Nedas15"]
[Result "1-0"]
[ICCResult "Black checkmated"]
[WhiteElo "1434"]
[BlackElo "1116"]
[Opening "Ruy Lopez: Berlin defense, open variation"]
[ECO "C67"]
[NIC "RL.07"]
[Time "13:28:29"]
[TimeControl "900+5"]

1. e4 e5 2. Nf3 Nc6 3. Bb5 Nf6 4. O-O Nxe4 5. Re1 Nd6 6. Ba4 e4 7. d3 Be7 8.
Nfd2 exd3 9. cxd3 O-O 10. Nc4 b5 11. Nxd6 Bxd6 12. Bc2 Nd4 13. Nd2 Nxc2 14.
Qxc2 Bb4 15. a3 Bxd2 16. Bxd2 Rb8 17. Bc3 Bb7 18. Re3 Qg5 19. Rg3 Qd5 20.
Rxg7+ Kh8 21. Rxf7+ Kg8 22. Rg7+ Kh8 23. Rg6+ Rf6 24. Bxf6# {Black
checkmated} 1-0

[Event "ICC tourney 1922 (15 5)"]
[Site "Internet Chess Club"]
[Date "2020.07.17"]
[Round "2"]
[White "risingstar3"]
[Black "Pranayasree"]
[Result "0-1"]
[ICCResult "White checkmated"]
[WhiteElo "1217"]
[BlackElo "1374"]
[Opening "Damiano's defense"]
[ECO "C40"]
[NIC "KP.10"]
[Time "13:28:14"]
[TimeControl "900+5"]

1. e4 e5 2. Nf3 f6 3. Bc4 d6 4. Nc3 Bg4 5. h3 Bxf3 6. Qxf3 Nc6 7. b3 Nd4 8.
Qd1 Nh6 9. Bb2 Be7 10. Nd5 c6 11. Bxd4 exd4 12. Nxe7 Qxe7 13. Bd3 d5 14. f3
dxe4 15. fxe4 f5 16. Qe2 fxe4 17. Bxe4 O-O 18. d3 Qh4+ 19. g3 Qxg3+ 20. Kd2
Rf2 21. Rag1 Qe3+ 22. Kd1 Qxe2+ 23. Kc1 Qxc2# {White checkmated} 0-1

[Event "ICC tourney 1922 (15 5)"]
[Site "Internet Chess Club"]
[Date "2020.07.17"]
[Round "2"]
[White "Aurex"]
[Black "viratfan"]
[Result "0-1"]
[ICCResult "White resigns"]
[WhiteElo "1035"]
[BlackElo "1446"]
[Opening "Sicilian defense"]
[ECO "B30"]
[NIC "SI.31"]
[Time "13:28:11"]
[TimeControl "900+5"]

1. e4 c5 2. Nf3 Nc6 3. Nc3 Nf6 4. e5 Ng4 5. d3 Ngxe5 6. Bg5 Nxf3+ 7. Qxf3 h6
8. Bf4 e5 9. Be3 Nd4 10. Bxd4 exd4 11. Nd5 d6 12. Qe2+ Be6 13. Nf4 Qd7 14.
O-O-O Be7 15. Nxe6 Qxe6 16. Qxe6 fxe6 17. Be2 O-O 18. f4 Rxf4 19. Rhf1 Raf8
20. Rxf4 Rxf4 21. g3 Rf2 22. Bg4 e5 23. Be6+ Kf8 24. h3 Rf3 25. Rg1 Bg5+ 26.
Kd1 Be3 27. Re1 Rxg3 28. Rf1+ Bf4 29. Ke2 Rg2+ 30. Kd1 Rd2+ 31. Kc1 Rf2+ 32.
Kd1 Rxf1+ 33. Ke2 Rg1 34. Kf2 Be3+ 35. Ke2 Rg2+ 36. Kf3 Rf2+ 37. Kg4 Ke7 38.
Bf5 Kf6 39. Be4 Rxc2 40. b3 Rxa2 41. Bxb7 Rb2 42. Bd5 g6 43. h4 h5+ 44. Kg3
Bf4+ 45. Kf3 g5 46. hxg5+ Kxg5 47. Ke4 Re2+ 48. Kf3 Re3+ 49. Kg2 Kg4 50. Bf7
h4 51. Be6+ Kg5 52. Bc8 Rxd3 53. Be6 Rg3+ 54. Kf2 h3 55. Bd5 h2 56. Kf1 Rg1+
57. Kf2 d3 58. Bf3 d2 {White resigns} 0-1

[Event "ICC tourney 1922 (15 5)"]
[Site "Internet Chess Club"]
[Date "2020.07.17"]
[Round "2"]
[White "JSpitzer"]
[Black "DuckyBirdLover"]
[Result "0-1"]
[ICCResult "White checkmated"]
[WhiteElo "1415"]
[BlackElo "1523"]
[Opening "French defense"]
[ECO "C00"]
[NIC "FR.01"]
[Time "13:28:10"]
[TimeControl "900+5"]

1. e4 e6 2. Nf3 d5 3. exd5 exd5 4. Nc3 Nf6 5. Qe2+ Qe7 6. Qxe7+ Bxe7 7. d4
Nc6 8. Bg5 O-O 9. Bxf6 Bxf6 10. Nxd5 Bxd4 11. Nxd4 Nxd4 12. Rd1 Re8+ 13. Kd2
Rd8 14. Nxc7 Rb8 15. Ke1 Nxc2+ 16. Ke2 Rxd1 17. Kxd1 Nd4 18. Bb5 Ne6 19.
Nxe6 Bxe6 20. b3 Rd8+ 21. Ke1 Bd7 22. Bxd7 Rxd7 23. Ke2 Re7+ 24. Kd1 Rd7+
25. Kc1 Re7 26. Rd1 h6 27. a4 Re2 28. Rd2 Re1+ 29. Rd1 Re4 30. f3 Re3 31.
Kc2 Re2+ 32. Rd2 Rxd2+ 33. Kxd2 Kf8 34. Kc3 Ke8 35. Kd4 Kd7 36. Kd5 Kc7 37.
Kc5 f5 38. b4 g5 39. g4 f4 40. b5 a6 41. bxa6 bxa6 42. Kb4 Kb6 43. a5+ Ka7
44. Kc5 Kb7 45. Kb4 Kc6 46. Ka4 Kc5 47. Kb3 Kb5 48. Kc3 Kxa5 49. Kd4 Kb4 50.
Kd5 a5 51. Kd6 Kb3 52. Kc5 a4 53. Kb5 a3 54. Ka5 Kb2 55. Ka4 a2 56. Kb4 a1=Q
57. Kc4 Qf1+ 58. Kd4 Qxf3 59. Ke5 Qxg4 60. Kd4 Qg2 61. h3 Qxh3 62. Ke5 f3
63. Ke4 f2 64. Ke5 f1=R 65. Kd6 Re1 66. Kd5 Qd3+ 67. Kc5 Rc1+ 68. Kb4 Qb3+
69. Ka5 Ra1# {White checkmated} 0-1

[Event "ICC tourney 1922 (15 5)"]
[Site "Internet Chess Club"]
[Date "2020.07.17"]
[Round "2"]
[White "TanyaS"]
[Black "mlmkacton"]
[Result "0-1"]
[ICCResult "White checkmated"]
[WhiteElo "1163"]
[BlackElo "1379"]
[Opening "Giuoco Piano: four knights variation"]
[ECO "C47"]
[NIC "KP.06"]
[Time "13:28:16"]
[TimeControl "900+5"]

1. e4 e5 2. Nf3 Nc6 3. Nc3 Nf6 4. Bc4 Bc5 5. O-O O-O 6. Qe2 d6 7. d3 h6 8.
Qd2 Nd4 9. Nxd4 Bxd4 10. Nb5 Bc5 11. d4 exd4 12. e5 dxe5 13. Qe2 Re8 14. Qf3
c6 15. Qg3 g6 16. Qb3 Be6 17. Bxh6 cxb5 18. Qxb5 Bxc4 19. Qxc4 Qd5 20. Qe2
Qe4 21. Qd2 Qh4 22. g3 Qh3 23. Rae1 Ng4 24. f3 Qxh6 25. Qa5 Qxh2#
{White checkmated}
0-1

[Event "ICC tourney 1922 (15 5)"]
[Site "Internet Chess Club"]
[Date "2020.07.17"]
[Round "2"]
[White "Hansini"]
[Black "Eshap"]
[Result "0-1"]
[ICCResult "White checkmated"]
[WhiteElo "1356"]
[BlackElo "1503"]
[Opening "Giuoco Pianissimo: Italian four knights variation"]
[ECO "C47"]
[NIC "KP.06"]
[Time "13:28:11"]
[TimeControl "900+5"]

1. e4 e5 2. Nf3 Nc6 3. Nc3 Nf6 4. Bc4 Bc5 5. d3 O-O 6. O-O h6 7. Be3 d6 8.
Qe1 Nd4 9. Nxd4 Bxd4 10. Bxd4 exd4 11. Nd5 Nxd5 12. exd5 Re8 13. Qd2 Bf5 14.
Rfe1 Qf6 15. Qf4 Qg6 16. c3 Bh3 17. g3 a6 18. cxd4 b5 19. Bb3 Qxd3 20. Re3
Rxe3 21. Qxe3 Qxe3 22. fxe3 Re8 23. Re1 g5 24. e4 f5 25. e5 dxe5 26. dxe5
Kg7 27. d6 cxd6 28. e6 Kf6 29. e7 Rxe7 30. Rd1 Rd7 31. Bd5 Re7 32. Bc6 Re6
33. Bb7 Bg4 34. Rc1 Re7 35. Bxa6 b4 36. a3 bxa3 37. bxa3 d5 38. a4 d4 39.
Rc2 Re1+ 40. Kf2 Rd1 41. a5 d3 42. Bb7 dxc2 43. a6 Ra1 44. h4 gxh4 45. gxh4
Rxa6 46. Bxa6 c1=Q 47. Kg2 Qd2+ 48. Kg3 Qe3+ 49. Kg2 Qf3+ 50. Kg1 Ke5 51.
Be2 Qxe2 52. h5 Kf4 53. Kh1 Bf3+ 54. Kg1 Qg2# {White checkmated} 0-1